 Dungeon Crawl Stone Soup version 0.30-a0-883-g5ad918d77d (webtiles) character file.

Game seed: 16934071381947606282

1543 howech the Covert (level 8, 0/46 HPs)
             Began as an Octopode Enchanter on Mar 15, 2023.
             Was an Initiate of Cheibriados.
             Slain by an ice beast (10 damage)
             ... on level 7 of the Dungeon.
             The game lasted 00:23:14 (6336 turns).

howech the Covert (Octopode Enchanter)              Turns: 6336, Time: 00:23:15

Health: 0/46       AC:  1    Str:  8    XL:     8   Next: 87%
Magic:  11/14      EV: 14    Int: 21    God:    Cheibriados [......]
Gold:   428        SH:  0    Dex: 13    Spells: 10/15 levels left

rFire   . . .      SeeInvis .    a - +4 dagger (venom)
rCold   . . .      Faith    .    (no shield)
rNeg    . . .      Spirit   .    (helmet restricted)
rPois   .          Reflect  .    (no amulet)
rElec   .          Rampage  .    (no ring)
rCorr   .                        (no ring)
Will    .....                    (no ring)
Stlth   +++++                    (no ring)
HPRegen 0.27/turn                (no ring)
MPRegen 0.14/turn                (no ring)
                                 (no ring)
                                 (no ring)

@: very slow
A: almost no armour, amphibious, 8 rings, camouflage 1, gelatinous body 1,
(nimble swimmer 1), tentacles
a: Renounce Religion


You were on level 7 of the Dungeon.
You worshipped Cheibriados.
Cheibriados was noncommittal.
You visited 2 branches of the dungeon, and saw 8 of its levels.

You collected 428 gold pieces.

Inventory:

Hand Weapons
 a - a +4 dagger of venom (weapon)
 b - a +1 dagger
Missiles
 c - 2 throwing nets (quivered)
 p - 5 atropa-tipped darts
Jewellery
 f - a ring of fire
 h - a ring of ice
Wands
 m - a wand of roots (7)
 o - a wand of polymorph (10)
Scrolls
 n - a scroll of immolation
 q - a scroll of amnesia
 r - a scroll of fear {unknown}
 s - a scroll of teleportation
 t - 2 scrolls of identify
 u - a scroll of brand weapon {unknown}
Potions
 d - 2 potions of flight {unknown}
 e - a potion of ambrosia {unknown}
 g - 2 potions of magic
 i - 2 potions of attraction {unknown}
 j - 3 potions of might
 k - a potion of brilliance {unknown}
 l - 2 potions of invisibility


   Skills:
 + Level 3.9 Short Blades
 + Level 4.3 Dodging
 * Level 9.2 Stealth
 + Level 4.1 Spellcasting
 * Level 2.7 Conjurations
 * Level 5.3 Hexes
 + Level 2.0 Ice Magic
 + Level 0.2 Air Magic


You had 10 spell levels left.
You knew the following spells:

 Your Spells              Type           Power      Damage    Failure   Level
a - Ensorcelled Hibernat  Hex/Ice        38%        N/A       4%          2
b - Dazzling Flash        Conj/Hex       42%        N/A       7%          3

Your spell library contained the following spells:

 Spells                   Type           Power      Damage    Failure   Level
 Confusing Touch          Hex            26%        N/A       4%          3
 Tukima's Dance           Hex            26%        N/A       4%          3
 Searing Ray              Conj           30%        2d5       6%          2
 Momentum Strike          Conj/Tloc      20%        3d8       11%         2
 Beastly Appendage        Tmut           8%         N/A       12%         1
 Blink                    Tloc           8%         N/A       19%         2
 Lesser Beckoning         Tloc           8%         N/A       19%         2
 Wereblood                Tmut           4%         N/A       19%         2
 Ignite Poison            Fire/Tmut/Pois 4%         N/A       34%         3
 Spider Form              Tmut/Pois      4%         N/A       34%         3
 Freezing Cloud           Conj/Ice/Air   5%         6-21      86%         5
 Borgnjor's Revivificati  Necr           2%         N/A       100%        8
 Necromutation            Tmut/Necr      2%         N/A       100%        8
 Chain Lightning          Conj/Air       5%         3d6       100%        9
 Death's Door             Necr           2%         N/A       100%        9


Dungeon Overview and Level Annotations

Branches:
Dungeon (7/15)             Temple (1/1) D:6

Altars:
Cheibriados
Dithmenos
Fedhas
Hepliaklqana
Kikubaaqudgha
Makhleb
Nemelex Xobeh
Okawaru
Qazlal
Ru
Sif Muna
Trog
Uskayaw
Vehumet
Wu Jian
Xom
Yredelemnul
Zin
The Shining One


Innate Abilities, Weirdness & Mutations

You cannot wear most types of armour.
You are amphibious.
You can wear up to eight rings at the same time.
Your skin changes colour to match your surroundings (Stealth+).
Your rubbery body absorbs attacks. (AC +1, EV +1)
((You are camouflaged when in or above water. (Stealth+)))
You have tentacles for arms and can constrict up to eight enemies at once.


Message History

The hound bites you. x2
You hit the hound.
You kill the hound!
Cheibriados appreciates the change of pace.
t - a scroll of identify Unknown command.
t - 2 scrolls of identify (gained 1)
Found a stone staircase leading up.
A gnoll comes into view. It is wielding a +0 spear.
A gnoll sergeant and an ice beast come into view.
The gnoll sergeant is wielding a +4 spear of venom.
Found a scroll labelled IDWYBL IMYSUG.
Found a chain mail.
u - a scroll labelled IDWYBL IMYSUG You hit the ice beast.
The ice beast is lightly wounded.
You closely miss the ice beast. You tentacle-slap the ice beast.
The ice beast is lightly wounded.
The ice beast hits you. The ice beast freezes you!
You hit the ice beast.
You squeeze the ice beast, but do no damage.
The ice beast is moderately wounded.
The ice beast misses you.
Casting: Ensorcelled Hibernation (safe; 4% risk of failure)
Confirm with . or Enter, or press ? or * to list all spells.
You can't see any susceptible monsters within range! (Use Z to cast anyway.) Unknown command.
Casting: Ensorcelled Hibernation (safe; 4% risk of failure)
Confirm with . or Enter, or press ? or * to list all spells.
Casting: Dazzling Flash (dangerous; 7% risk of failure)
Press: ? - help, Dir - look around, f - activate The ice beast hits you.
The ice beast freezes you!
* * * LOW HITPOINT WARNING * * *
Unknown command.
You hit the ice beast but do no damage.
The ice beast is moderately wounded.
The ice beast hits you.
* * * LOW HITPOINT WARNING * * *
The ice beast freezes you!
You die...

#......# # #...##....##
.##..[.#.....# .........
##........ #.
##..............# #..
###................
#..####.................g
#..........@Y# .......g
...........### ......
..........## ##...##
........### ##.....#
#...##..# #...# #.. #..#
##..## . #..## ##..##
#...# ##..## ....
#...###..## #....


You could see an ice beast.

Vanquished Creatures
  A water moccasin (D:5)
  2 black bears (D:6)
  2 ice beasts
  A centaur (D:5)
  An ogre (D:5)
  A kobold brigand (D:6)
  2 phantoms
  3 scorpions
  3 hounds
  3 orc priests
  A sleepcap (D:5)
  Ijyb (D:5)
  2 iguanas (D:6)
  An orc wizard (D:3)
  9 adders
  A white imp (D:6)
  2 ufetubi
  2 dart slugs
  20 orcs
  9 ball pythons
  6 bats
  5 endoplasms
  4 giant cockroaches
  2 goblins
  4 hobgoblins
  11 kobolds
  4 quokkas
  5 frilled lizards
  3 rats
111 creatures vanquished.

Vanquished Creatures (collateral kills)
  A dart slug (D:5)
1 creature vanquished.

Grand Total: 112 creatures vanquished

Notes
Turn   | Place    | Note
-------+----------+-------------------------------------------
     0 | D:1      | howech the Octopode Enchanter began the quest for the Orb.
     0 | D:1      | Reached XP level 1. HP: 11/11 MP: 3/3
   222 | D:1      | Reached XP level 2. HP: 17/17 MP: 5/5
   329 | D:1      | Learned a level 2 spell: Ensorcelled Hibernation
   841 | D:2      | Reached XP level 3. HP: 21/21 MP: 6/6
   863 | D:2      | Found a faded altar of an unknown god.
  1120 | D:2      | Reached skill level 5 in Stealth
  1292 | D:2      | Reached XP level 4. HP: 21/27 MP: 2/7
  1669 | D:3      | Found a sparkling altar of Nemelex Xobeh.
  1893 | D:3      | Learned a level 3 spell: Dazzling Flash
  2568 | D:4      | Reached XP level 5. HP: 25/31 MP: 8/8
  2608 | D:4      | Noticed a phantom
  2656 | D:4      | Killed a phantom
  2657 | D:4      | Reached skill level 6 in Stealth
  3302 | D:5      | Entered Level 5 of the Dungeon
  3325 | D:5      | Noticed a centaur
  3344 | D:5      | Reached XP level 6. HP: 22/36 MP: 4/10
  3508 | D:5      | Reached skill level 7 in Stealth
  3571 | D:5      | HP: 1/36 [ogre/+0 giant spiked club (35)]
  3574 | D:5      | Reached XP level 7. HP: 2/41 MP: 8/11
  4131 | D:5      | Found a hazy altar of Hepliaklqana.
  4152 | D:5      | Noticed Ijyb
  4159 | D:5      | Killed Ijyb
  4221 | D:5      | Reached skill level 8 in Stealth
  4356 | D:6      | Reached XP level 8. HP: 46/46 MP: 13/13
  4484 | D:6      | Reached skill level 1 in Conjurations
  4586 | D:6      | Reached skill level 1 in Ice Magic
  4922 | D:6      | Found a staircase to the Ecumenical Temple.
  4934 | Temple   | Entered the Ecumenical Temple
  5123 | Temple   | Became a worshipper of Cheibriados the Contemplative
  5320 | D:6      | Reached skill level 5 in Hexes
  5716 | D:7      | Got Asmodeus's Vellum of the Hot Impact
  5767 | D:7      | Reached skill level 9 in Stealth
  6336 | D:7      | Slain by an ice beast

Illustrated notes

Levels and vault maps discovered:
D:1:      minmay_arrival_five_plusses, layout_basic, due_unseen_surprise
D:2:      layout_basic, shapermc_ecumenical_altar_mp_highgroup, chequers_jeans,
          kennysheep_cross_bottleneck
D:3:      layout_loops_ring, amcnicky_altar_gilded, nrook_mini_vaults,
          minmay_misc_feat_cross
D:4:      layout_basic
D:5:      layout_cave_pools, worldfamousw_hep_ancestral_shrine, uniq_ijyb
D:6:      layout_loops_ring, temple_green
D:7:      layout_layer_cave, mainiacjoe_overflow_alcove_1
Temple:   bh_familiar_temple

Skill      XL: |  1  2  3  4  5  6  7  8 |
---------------+-------------------------+-----
Stealth        | 5 6 7 8 9 |  9.2
Short Blades   | 2 3 |  3.9
Dodging        | 3 4 |  4.3
Spellcasting   | 3 4 |  4.1
Hexes          | 4 5 |  5.3
Conjurations   | 2 |  2.7
Ice Magic      | 2 |  2.0
Air Magic      | |  0.2

Action                     |  1- 3 |  4- 6 |  7- 9 || total
---------------------------+-------+-------+-------++-------
  Melee: Dagger            |    68 |   110 |    81 ||   259
         Constrict         |     9 |    14 |    12 ||    35
         Tentacles         |     7 |    22 |    12 ||    41
         Punch             |       |     2 |     1 ||     3
  Throw: Throwing net      |       |     1 |       ||     1
   Cast: Ensorcelled Hiber |     5 |     8 |    24 ||    37
         Dazzling Flash    |       |       |     1 ||     1
    Use: Scroll            |     2 |     7 |     8 ||    17
         Potion            |       |     3 |       ||     3
   Stab: Sleeping          |    14 |    11 |    24 ||    49
         Distracted        |       |       |     2 ||     2
 Armour: Skin              |     5 |     8 |     5 ||    18
  Dodge: Dodged            |    35 |    72 |    36 ||   143

Table legend: (Time is in decaauts)
 A = Elapsed time spent in this place.
 B = Non-inter-level travel time spent in this place.
 C = Inter-level travel time spent in this place.
 D = Time resting spent in this place.
 E = Time spent auto-exploring this place.
 F = Levels seen in this place.
 G = Mean time per level.
                   A        B        C        D        E       F      G
               +--------+--------+--------+--------+--------+-----+--------+
         Total |   6623 |   6302 |    321 |    882 |   4205 |   8 |  827.9 |
       Dungeon |   6403 |   6145 |    258 |    882 |   4075 |   7 |  914.7 |
        Temple |    220 |    158 |     62 |      0 |    130 |   1 |  220.0 |
               +--------+--------+--------+--------+--------+-----+--------+

Top non-repeatable levels by time:
     D:6: 1150 daAuts
     D:3: 965 daAuts
     D:4: 951 daAuts
     D:7: 922 daAuts
     D:5: 886 daAuts
     D:1: 824 daAuts
     D:2: 703 daAuts
  Temple: 220 daAuts
